Map: Prion Terraces

Players

TokiSada - Winner!

  • Race: Protoss Protoss
  • League: Diamond

ILLBdA

  • Race: Protoss Protoss
  • League: Diamond

VOD

Have the link to the VOD?

Description

Time

  • Played on: Dec. 19, 2015, 6:46 a.m.
  • Length: 9:21
Show
View Real Time Build Order
Export as new Build Order

TokiSada Protoss - Winner!

Build Orders: 1 Gate Expand 

Get SALT Encoding   

  12  0:01  Probe (Chrono Boost)  
  13  0:11  Probe (Chrono Boost)  
  14  0:19  Pylon  
  14  0:22  Probe (Chrono Boost)  
  15  0:38  Probe (Chrono Boost)  
  15  0:40  Gateway  
  15  0:41  Assimilator  
  16  0:48  Probe (Chrono Boost)  
  17  0:59  Probe (Chrono Boost)  
  18  1:09  Probe (Chrono Boost)  
  19  1:20  Probe (Chrono Boost)  
  19  1:22  Nexus  
  20  1:32  Cybernetics Core  
  20  1:36  Probe (Chrono Boost)  
  21  1:43  Assimilator  
  21  1:48  Pylon  
  21  1:49  Probe (Chrono Boost)  
  22  2:00  Probe (Chrono Boost)  
  23  2:11  Mothership Core (Chrono Boost)  
  23  2:13  Adept (Chrono Boost)  
  27  2:25  Warp Gate  
  27  2:30  Gateway  
  27  2:32  Probe  
  27  2:34  Probe  
  29  2:42  Adept (Chrono Boost)  
  32  2:44  Probe  
  32  2:45  Probe  
  33  2:55  Probe  
  33  2:56  Probe  
  37  3:10  Stargate  
  37  3:13  Probe x2  
  37  3:15  Pylon  
  39  3:21  Stalker (Chrono Boost)  
  39  3:24  Stalker (Chrono Boost), Probe  
  39  3:25  Probe  
  43  3:36  Probe (Chrono Boost)  
  43  3:37  Probe (Chrono Boost)  
  45  3:41  Robotics Facility  
  45  3:42  Pylon  
  46  3:48  Probe (Chrono Boost)  
  46  3:49  Probe (Chrono Boost)  
  47  3:58  Probe (Chrono Boost)  
  47  4:01  Assimilator  
  47  4:02  Probe (Chrono Boost)  
  49  4:03  Assimilator  
  49  4:04  Oracle (Chrono Boost)  
  49  4:08  Probe  
  49  4:09  Pylon  
  53  4:14  Probe  
  54  4:18  Probe  
  54  4:19  Pylon  
  55  4:26  Probe  
  55  4:29  Probe  
  57  4:32  Twilight Council  
  57  4:35  Observer (Chrono Boost)  
  57  4:37  Pylon  
  57  4:38  Probe  
  59  4:39  Probe  
  60  4:46  Pylon  
  60  4:50  Probe x2  
  62  4:53  Forge  
  62  4:58  Observer (Chrono Boost)  
  63  5:00  Probe  
  63  5:02  Probe, Pylon  
  65  5:16  Probe  
  65  5:17  Stalker x2  
  65  5:19  Observer (Chrono Boost)  
  70  5:26  Probe  
  69  5:30  Blink (Chrono Boost)  
  69  5:34  Probe  
  70  5:37  Protoss Ground Weapons Level 1 (Chrono Boost)  
  70  5:46  Nexus  
  70  6:00  Stalker  
  70  6:01  Stalker  
  71  6:15  Pylon  
  71  6:17  Immortal (Chrono Boost), Pylon  
  75  6:19  Pylon  
  75  6:23  Gateway x2  
  75  6:25  Gateway  
  75  6:28  Gateway  
  75  6:31  Pylon  
  75  6:39  Pylon  
  75  6:45  Photon Cannon  
  75  6:47  Photon Cannon  
  75  6:50  Stalker x2  
  79  6:55  Warp Prism (Chrono Boost)  
  81  7:08  Probe  
  81  7:09  Probe x2  
  81  7:13  Gateway  
  81  7:14  Gateway  
  81  7:15  Gateway  
  84  7:16  Gateway  
  84  7:17  Stalker x2  
  84  7:21  Probe  
  89  7:30  Observer  
  86  7:40  Stalker x5  
  86  7:41  Stalker  
  88  7:57  Observer  
  81  8:03  Stalker  
  81  8:04  Stalker x5  
  87  8:22  Immortal  
  91  8:31  Stalker x5  
  101  8:35  Assimilator  
  101  8:37  Assimilator  
  101  8:43  Pylon  
  101  8:55  Pylon  
  101  8:59  Pylon  
  101  9:00  Adept x8  
  101  9:01  Adept x2  
Show
View Real Time Build Order
Export as new Build Order

ILLBdA Protoss 

Build Orders: Blink Stalkers, Dark Templar Rush 

Get SALT Encoding   

  12  0:01  Probe (Chrono Boost)  
  13  0:11  Probe (Chrono Boost)  
  14  0:18  Pylon  
  14  0:22  Probe (Chrono Boost)  
  15  0:36  Probe (Chrono Boost)  
  15  0:38  Gateway  
  15  0:41  Assimilator  
  16  0:47  Probe (Chrono Boost)  
  17  0:57  Probe (Chrono Boost)  
  17  0:58  Assimilator  
  18  1:08  Probe (Chrono Boost)  
  19  1:12  Gateway  
  20  1:18  Probe (Chrono Boost)  
  20  1:26  Cybernetics Core  
  20  1:29  Probe (Chrono Boost)  
  21  1:36  Pylon  
  21  1:39  Probe (Chrono Boost)  
  22  1:50  Probe (Chrono Boost)  
  23  2:02  Stalker x2  
  23  2:03  Warp Gate  
  27  2:12  Twilight Council  
  27  2:42  Probe (Chrono Boost)  
  28  2:53  Mothership Core (Chrono Boost), Dark Shrine  
  30  3:02  Nexus  
  30  3:04  Pylon  
  30  3:16  Robotics Facility  
  30  3:19  Probe (Chrono Boost)  
  31  3:30  Probe (Chrono Boost)  
  32  3:41  Blink (Chrono Boost)  
  32  3:45  Probe  
  33  3:49  Pylon  
  33  3:54  Gateway  
  33  3:58  Probe  
  34  4:04  Warp Prism (Chrono Boost)  
  36  4:11  Dark Templar  
  36  4:15  Probe  
  38  4:27  Probe  
  38  4:29  Stalker  
  41  4:37  Observer (Chrono Boost)  
  42  4:43  Probe  
  42  4:45  Probe  
  44  4:55  Probe  
  44  4:56  Probe, Immortal (Chrono Boost)  
  50  5:09  Adept  
  50  5:10  Adept  
  49  5:29  Probe  
  49  5:30  Probe, Immortal (Chrono Boost)  
  51  5:41  Probe  
  50  5:45  Stalker  
  46  6:05  Stalker x2  
  46  6:21  Warp Prism (Chrono Boost)  
  46  6:23  Zealot  
  46  6:24  Probe  
  46  6:25  Probe  
  52  6:35  Probe  
  52  6:37  Probe  
  54  6:45  Probe  
  54  6:49  Probe  
  54  6:52  Pylon  
  54  6:54  Stalker x2, Assimilator  
  58  6:58  Assimilator  
  60  7:02  Probe  
  60  7:07  Pylon  
  61  7:15  Mothership Core  
  63  7:23  Stalker  
  63  7:24  Stalker x2  
  65  7:47  Dark Templar  
  57  7:55  Stalker  
  50  8:15  Probe  
  50  8:19  Immortal (Chrono Boost)  
  55  8:23  Probe (Chrono Boost)  
  55  8:26  Stalker  
  55  8:27  Stalker, Probe (Chrono Boost), Nexus  
  61  8:32  Pylon  
  61  8:35  Probe (Chrono Boost)  
  61  8:40  Pylon  
  63  8:41  Probe (Chrono Boost)  
  63  8:50  Stalker x2  
  63  8:54  Stalker  
Tags
 
Composition
Blink Stalkers
Matchup
PvP
Replay Pack
me
Add a new tag
Caveats
  • Supply blocks, unpowered buildings, or Contaminate may cause inaccurate times.
  • Supply counts are checked every 10 seconds.